 Dungeon Crawl Stone Soup version 0.27.0-1-g7a089689b8 (webtiles) character file.

Game seed: 410901507684113863

119 shoop the Cutter (level 5, -5/30 HPs)
             Began as a Kobold Brigand on Aug 14, 2021.
             Was a Plaything of Xom.
             Slain by Pikel (10 damage)
             ... on level 4 of the Dungeon.
             The game lasted 00:02:38 (1581 turns).

shoop the Cutter (Kobold Brigand)                   Turns: 1581, Time: 00:02:40

Health: -5/30      AC:  3    Str:  9    XL:     5   Next: 23%
Magic:  5/5        EV: 13    Int: 12    God:    Xom [..*...]
Gold:   14         SH:  5    Dex: 17    Spells: 4/4 levels left

rFire    . . .     SeeInvis .   a - +2 dagger
rCold    . . .     Faith    .   m - +0 buckler
rNeg     . . .     Spirit   .   b - +0 robe
rPois    .         Reflect  .   (no helmet)
rElec    .         Harm     .   c - +0 cloak
rCorr    .         Rampage  .   (no gloves)
Will     .....                  (no boots)
Stlth    ++++......             (no amulet)
HPRegen  0.10/turn              (no ring)
MPRegen  0.09/turn              (no ring)

@: very slightly contaminated, invisible (expiring)
A: small, no large weapons, nightstalker 3
a: Renounce Religion


You were on level 4 of the Dungeon.
You worshipped Xom.
You were a toy of Xom.
You visited 1 branch of the dungeon, and saw 4 of its levels.

You collected 14 gold pieces.

Inventory:

Hand Weapons
 a - a +2 dagger (weapon)
Missiles
 d - 8 poisoned darts (quivered)
 e - 2 curare-tipped darts
Armour
 b - a +0 robe (worn)
 c - a +0 cloak (worn)
 m - a +0 buckler (worn)
Wands
 g - a wand of flame (13)
Scrolls
 h - 2 scrolls of enchant weapon {unknown}
 j - a scroll of identify {unknown}
 k - a scroll of amnesia {unknown}
 l - 2 scrolls of teleportation {unknown}
Potions
 f - a potion of flight {unknown}
 i - a potion of attraction


   Skills:
 - Level 2.1 Fighting
 * Level 6.4 Short Blades
 - Level 2.1 Throwing
 - Level 1.2 Dodging
 - Level 5.3 Stealth
 + Level 0.7 Shields
 + Level 0.0 Evocations


You had 4 spell levels left.
You didn't know any spells.
Your spell library contained the following spells:

 Spells                   Type           Power      Damage    Failure   Level
 Gell's Gravitas          Tloc           0%         N/A       83%         3
 Lesser Beckoning         Tloc           0%         N/A       83%         3
 Teleport Other           Tloc           0%         N/A       83%         3


Dungeon Overview and Level Annotations

Branches:
Dungeon (4/15)
 Temple: D:4-7

Altars:
Elyvilon
Xom

Annotations:
D:4 Pikel


Innate Abilities, Weirdness & Mutations

You are small and have problems with some larger weapons.
You are completely attuned to the shadows.


Message History

The hound skeleton bites you.
You catch the helpless hound skeleton completely off-guard!
You impale the hound skeleton!!
You destroy the hound skeleton!
g - a wand of flame (13)
Things that are here:
a +0 club; a +0 ring mail; a worm corpse
Found a short sword.
Found a stone staircase leading up.
There is a stone staircase leading up here.
You see here a +0 short sword.
You feel less attractive to monsters.
Found a scale mail and 8 gold pieces.
Found 10 gold pieces.
Found a white marble altar of Elyvilon. 2 lemures and Pikel come into view.
Pikel is wielding a +2 whip of flaming.
A goblin and 2 lemures come into view.
The lemure shouts!
The goblin shouts!
The lemure shouts!
Pikel shouts!
The lemure misses you.
The lemure shouts!
Found a stone staircase leading down.
Found a war axe.
A quokka comes into view.
Pikel barely misses you.
The lemure shouts!
The goblin shouts!
You hit Pikel but do no damage. You closely miss Pikel. The lemure misses you.
The lemure closely misses you.
You flicker for a moment.
The lemure barely misses you. You block the lemure's attack.
You barely miss Pikel. You block the quokka's attack. The lemure hits you!
* * * LOW HITPOINT WARNING * * *
The lemure hits you.
* * * LOW HITPOINT WARNING * * *
Unknown command.
Xom makes a sudden noise!
You hear a hideous shriek!
You hear an angry hiss.
The goblin hits you but does no damage.
Pikel hits you with a +2 whip of flaming!
You die...
Xom bursts into laughter!

...##.. .....
.......### ....
....P._.P...#.......
............#.......
..............$......
$........#.#.........
#.>.5..##...#.......
##K.r..####.........
#)5@55..# ###.......
#..g....# #.......
#.......# #.......
##.....## #.......
##...## ##[.....
##...$. ######


You could see Pikel (wandering), 4 lemures, a quokka and a goblin.

Vanquished Creatures
  Ijyb (D:4)
  A hound skeleton (D:4)
  3 adders
  2 worms
  2 dart slugs
  4 endoplasms
  A giant cockroach (D:1)
  6 goblins
  2 hobgoblins
  6 jackals
  6 ball pythons
  4 bats (D:2)
  2 kobolds
  4 rats
44 creatures vanquished.

Notes
Turn   | Place    | Note
-------+----------+-------------------------------------------
     0 | D:1      | shoop the Kobold Brigand began the quest for the Orb.
     0 | D:1      | Reached XP level 1. HP: 12/12 MP: 1/1
    59 | D:1      | Reached skill level 3 in Short Blades
   102 | D:1      | Reached XP level 2. HP: 17/17 MP: 2/2
   184 | D:1      | Reached skill level 4 in Short Blades
   378 | D:2      | Reached XP level 3. HP: 19/21 MP: 3/3
   580 | D:2      | Reached skill level 5 in Short Blades
  1018 | D:2      | Found a faded altar of an unknown god.
  1024 | D:2      | Became a worshipper of Xom of Chaos
  1061 | D:2      | Reached XP level 4. HP: 18/26 MP: 4/4
  1170 | D:2      | XOM: silly message
  1331 | D:3      | XOM: divination: magic mapping
  1525 | D:4      | Noticed Ijyb
  1535 | D:4      | Killed Ijyb
  1536 | D:4      | Reached skill level 6 in Short Blades
  1536 | D:4      | Reached XP level 5. HP: 14/30 MP: 5/5
  1570 | D:4      | Found a white marble altar of Elyvilon.
  1572 | D:4      | Noticed Pikel
  1572 | D:4      | Noticed a lemure
  1572 | D:4      | Noticed a lemure
  1573 | D:4      | Noticed a lemure
  1573 | D:4      | Noticed a lemure
  1581 | D:4      | XOM: noise
  1581 | D:4      | Slain by Pikel

Illustrated notes

Levels and vault maps discovered:
D:1:      saegor_arrival_simple_d, layout_loops_corners, minmay_misc_feat_roman
D:2:      layout_basic, basic_ecumenical_altar, minmay_split_cup_small
D:3:      layout_basic, tgw_fedhas, uniq_jessica
D:4:      layout_rooms, marbit_many_paths, mainiacjoe_overflow_tiny_flanked,
          uniq_pikel, uniq_ijyb

Skill      XL: |  1  2  3  4 |
---------------+-------------+-----
Short Blades   | 3 4 5 6 |  6.4
Fighting       | |  2.1
Throwing       | |  2.1
Dodging        | |  1.2
Stealth        | |  5.3
Shields        | |  0.7

Action                   |  1- 3 |  4- 6 || total
-------------------------+-------+-------++-------
Melee: Dagger            |   123 |    53 ||   176
  Use: Potion            |       |     2 ||     2
 Stab: Sleeping          |    11 |     5 ||    16
       Distracted        |     1 |       ||     1
       Invisible         |       |     4 ||     4
Armor: Robe              |    25 |    10 ||    35
Dodge: Dodged            |    75 |    36 ||   111
Block: Buckler           |       |     3 ||     3
